 Dungeon Crawl Stone Soup version 0.32-a0-120-gfac0567ad4 (webtiles) character file.

Game seed: 9775242081979388419

734 CowFu the Slasher (level 7, -8/52 HPs)
             Began as a Demonspawn Fighter on Feb 6, 2024.
             Was a Follower of Qazlal.
             Mangled by an ogre
             ... wielding a +0 giant club
              (19 damage)
             ... on level 5 of the Dungeon.
             The game lasted 00:08:33 (3894 turns).

CowFu the Slasher (Demonspawn Fighter)              Turns: 3894, Time: 00:08:33

Health: -8/52      AC:  7    Str: 17    XL:     7   Next: 45%
Magic:  8/8        EV: 11    Int:  8    God:    Qazlal [*.....]
Gold:   125        SH:  1    Dex: 14    Spells: 6/6 levels left

rFire   + + +        a - +1 long sword (freeze)
rCold   + . .        (no shield)
rNeg    + . .        s - +2 leather armour {rF+}
rPois   .            t - +0 helmet
rElec   .            u - scarf {rC+ rF+}
rCorr   .            (no gloves)
SInv    .            (no boots)
Will    .....        l - amulet of faith
Stlth   +            g - ring of protection from fire
HPRegen 0.28/turn    d - ring of positive energy
MPRegen 0.11/turn

%: faith
@: no status effects
A: sharp scales 1, demonic touch 2
a: Renounce Religion


You were on level 5 of the Dungeon.
You worshipped Qazlal.
Qazlal was aware of your devotion.
You visited 1 branch of the dungeon, and saw 5 of its levels.

You collected 248 gold pieces.
You spent 123 gold pieces at shops.

Inventory:

Hand Weapons
 a - a +1 long sword of freezing (weapon)
 b - a +1 short sword of speed
Armour
 c - a +0 buckler
 s - a +2 leather armour of fire resistance (worn)
 t - a +0 helmet (worn)
 u - a scarf of resistance (worn)
Jewellery
 d - a ring of positive energy (right hand)
 g - a ring of protection from fire (left hand)
 h - a +6 ring of intelligence
 l - an amulet of faith (around neck)
 y - an amulet of reflection
Wands
 f - a wand of paralysis (10)
Scrolls
 k - a scroll of immolation
Potions
 i - a potion of magic
 j - a potion of curing
 m - a potion of enlightenment
 n - 3 potions of mutation
 o - a potion of might
 p - a potion of attraction
 q - a potion of brilliance
 z - a potion of lignification


   Skills:
 + Level 3.5 Fighting
 - Level 7.0 Long Blades
 + Level 3.2 Armour
 + Level 1.3 Dodging
 - Level 2.6 Shields
 + Level 2.1 Invocations


You had 6 spell levels left.
You didn't know any spells.
Your spell library contained the following spells:

 Spells                   Type           Power      Damage    Failure   Level
 Slow                     Hex            0%         N/A       45%         1
 Confusing Touch          Hex            0%         N/A       83%         3
 Sigil of Binding         Hex            0%         N/A       83%         3
 Vampiric Draining        Necr           0%         2d6       83%         3


Dungeon Overview and Level Annotations

Branches:
Dungeon (5/15)             Temple (0/1) D:4

Altars:
Ashenzari
Fedhas
Okawaru
Qazlal
Trog

Shops:
D:1 ?[*(   D:4 ?


Innate Abilities, Weirdness & Mutations

You are partially covered in razor-sharp scales. (AC +1, Slay +1)
Your touch may inflict irresistible damage on your foes.


Message History

Okay, then.
The phantom hits you but does no damage.
The ogre attacks as it pursues you! The ogre barely misses you.
Things that are here:
a +0 hand axe; a +0 scale mail; an orc corpse The phantom hits you but does no damage.
The phantom attacks as it pursues you! The phantom hits you.
* * * LOW HITPOINT WARNING * * *
The phantom blinks!
You blink.
The phantom attacks as it pursues you!
The phantom hits you but does no damage.
The phantom attacks as it pursues you! The phantom barely misses you.
The orc wizard points at you and mumbles some strange words.
You are confused.
You bump into the rock wall.
The orc wizard points at you and mumbles some strange words.
The puff of flame hits you but does no damage.
You resist.
The orc wizard gestures at you while chanting.
The magic dart hits you.
* * * LOW HITPOINT WARNING * * *
You bump into the rock wall.
You bump into the rock wall.
You're too confused to move!
You feel less confused. The orc wizard barely misses you.
You slash the orc wizard! You freeze the orc wizard.
You kill the orc wizard!
Qazlal accepts your kill.
You barely miss the phantom. Your touch misses the phantom.
The phantom closely misses you. The phantom attacks as it pursues you!
The phantom hits you.
* * * LOW HITPOINT WARNING * * *
The phantom blinks!
You blink.
You completely miss the phantom. Your touch misses the phantom.
The phantom barely misses you. The phantom barely misses you.
The ogre attacks as it pursues you!
The ogre hits you with a +0 giant club!!
You die...

######...# #....######
##........####.#........
.............OW.........
#...###.##.###.#.####### .
.....##.##...o.#.# ..#
......#o##..####.########..#
.....OO.##..####..)........#
.?....)........WO########.##
........##.!.###@#
......#.#...#. #.#
.....<............
#......##.#.#.##### ########
#.. #.# .#


You could see an ogre and a phantom.

Vanquished Creatures
  An ice beast (D:5)
  3 black bears (D:4)
  2 orc priests
  A bombardier beetle (D:4)
  2 hounds
  Jessica (D:2)
  Terence (D:2)
  2 orc wizards
  An adder (D:4)
  A white imp (D:5)
  A dart slug (D:3)
  6 ribbon worms
  13 orcs
  7 ball pythons
  5 bats
  3 endoplasms
  6 giant cockroaches
  6 goblins
  8 hobgoblins
  2 kobolds (D:1)
  3 quokkas
  2 frilled lizards (D:2)
  7 rats
84 creatures vanquished.

Notes
Turn   | Place    | Note
-------+----------+-------------------------------------------
     0 | D:1      | CowFu the Demonspawn Fighter began the quest for the Orb.
     0 | D:1      | Reached XP level 1. HP: 18/18 MP: 1/1
    76 | D:1      | Reached skill level 2 in Long Blades
   161 | D:1      | Found Kocuhiph's Weapon Boutique.
   296 | D:1      | Gained mutation: You are partially covered in razor-sharp
                  | scales. (AC +1, Slay +1) [demonic ancestry]
   296 | D:1      | Reached XP level 2. HP: 24/24 MP: 2/2
   482 | D:1      | Found Veuc's Assorted Antiques.
   516 | D:1      | Found Jarer Uff's Armour Boutique.
   548 | D:1      | Found Kaicu's Magic Scroll Boutique.
   559 | D:1      | Reached skill level 3 in Long Blades
   593 | D:1      | Found a faded altar of an unknown god.
  1132 | D:2      | Noticed Jessica
  1145 | D:2      | Gained mutation: Your touch may inflict minor irresistible
                  | damage on your foes. [demonic ancestry]
  1145 | D:2      | Reached XP level 3. HP: 10/29 MP: 3/3
  1146 | D:2      | Killed Jessica
  1383 | D:2      | Reached skill level 4 in Long Blades
  1383 | D:2      | Reached XP level 4. HP: 18/35 MP: 4/4
  1689 | D:2      | Noticed Terence
  1694 | D:2      | Killed Terence
  2018 | D:3      | Found a stormy altar of Qazlal.
  2027 | D:3      | Became a worshipper of Qazlal Stormbringer
  2165 | D:3      | Found a broken altar of Ashenzari.
  2178 | D:3      | Identified the +2 ring mail of Polish {+Blink}
  2840 | D:4      | Gained mutation: Your touch may inflict irresistible damage
                  | on your foes. [demonic ancestry]
  2840 | D:4      | Reached XP level 5. HP: 39/41 MP: 5/5
  2919 | D:4      | Found a bloodstained altar of Trog.
  2919 | D:4      | Noticed a black bear
  2919 | D:4      | Noticed a black bear
  2926 | D:4      | Killed a black bear
  2927 | D:4      | Reached skill level 5 in Long Blades
  2936 | D:4      | Killed a black bear
  2937 | D:4      | Reached skill level 6 in Long Blades
  2937 | D:4      | Reached XP level 6. HP: 6/47 MP: 6/6
  3201 | D:4      | Found an iron altar of Okawaru.
  3279 | D:4      | Found a blossoming altar of Fedhas.
  3422 | D:4      | Found Cohal's Magic Scroll Shoppe.
  3430 | D:4      | Bought a scroll of enchant weapon for 97 gold pieces
  3430 | D:4      | Bought a scroll of identify for 26 gold pieces
  3451 | D:4      | Found a staircase to the Ecumenical Temple.
  3622 | D:4      | Reached skill level 7 in Long Blades
  3622 | D:4      | Reached XP level 7. HP: 52/52 MP: 7/7
  3634 | D:4      | Reached * piety under Qazlal
  3838 | D:5      | Entered Level 5 of the Dungeon
  3848 | D:5      | Reached skill level 1 in Invocations
  3853 | D:5      | Reached skill level 1 in Dodging
  3894 | D:5      | Mangled by an ogre

Illustrated notes

Levels and vault maps discovered:
D:1:      evilmike_arrival_hilbert_curve, layout_loops_ring,
          chequers_ecumenical_altar_lobes, serial_shops, shop, shop,
          nicolae_shop_pleasant_corner_grove, shop
D:2:      minmay_recursive_quarters, layout_basic, uniq_terence, uniq_jessica
D:3:      layout_loops_corners, mainiacjoe_overflow_surrounded_room,
          evilmike_ruin_ashenzari, nicolae_wormholes
D:4:      layout_loops_ring, mainiacjoe_overflow_paths, trog_ov_bears_minmay,
          kennysheep_mini_moat, minmay_temple_entry_junction, serial_shops,
          shop, kennysheep_big_empty_room
D:5:      layout_loops_ring, nicolae_overflow_hidden_temple,
          mainiacjoe_overflow_tiny_flanked, zin_scriptorium, serial_shops, shop

Skill      XL: |  1  2  3  4  5  6  7 |
---------------+----------------------+-----
Long Blades    | 2 3 4 6 7 |  7.0
Invocations    | 2 |  2.1
Armour         | 3 |  3.2
Dodging        | 1 |  1.3
Fighting       | |  3.5
Shields        | |  2.6

Action                     |  1- 3 |  4- 6 |  7- 9 || total
---------------------------+-------+-------+-------++-------
  Melee: Long sword        |   111 |    84 |    48 ||   243
         Touch             |     2 |    14 |     8 ||    24
         Punch             |       |     4 |     5 ||     9
    Use: Potion            |     1 |       |       ||     1
         Scroll            |       |       |    13 ||    13
 Armour: Scale mail        |   101 |     9 |       ||   110
         Leather armour    |       |    75 |    35 ||   110
  Dodge: Dodged            |    69 |    47 |    31 ||   147
  Block: Buckler           |    26 |       |       ||    26
         Other             |       |       |     1 ||     1

Table legend: (Time is in decaauts)
 A = Elapsed time spent in this place.
 B = Non-inter-level travel time spent in this place.
 C = Inter-level travel time spent in this place.
 D = Time resting spent in this place.
 E = Time spent auto-exploring this place.
 F = Levels seen in this place.
 G = Mean time per level.
                   A        B        C        D        E       F      G
               +--------+--------+--------+--------+--------+-----+--------+
         Total |   3937 |   3686 |    251 |      0 |   2987 |   5 |  787.4 |
       Dungeon |   3937 |   3686 |    251 |      0 |   2987 |   5 |  787.4 |
               +--------+--------+--------+--------+--------+-----+--------+

Top non-repeatable levels by time:
     D:1: 1101 daAuts
     D:4: 1032 daAuts
     D:3: 965 daAuts
     D:2: 781 daAuts
     D:5: 56 daAuts
